 Dungeon Crawl Stone Soup version 0.25-a0-699-g25a338df49 (webtiles) character file.

Game seed: 5344127850526444635, levelgen mode: deterministic

88 Delarado the Chopper (level 4, -5/39 HPs)
             Began as a Minotaur Monk on Apr 2, 2020.
             Slain by an orc
             ... wielding a cursed -3 flail
              (8 damage)
             ... on level 3 of the Dungeon.
             The game lasted 00:02:47 (1976 turns).

Delarado the Chopper (Minotaur Monk)                Turns: 1976, Time: 00:02:49

Health: -5/39      AC:  3    Str: 16    XL:     4   Next: 30%
Magic:  3/3        EV: 13    Int:  7    God:
Gold:   89         SH:  0    Dex: 13    Spells: 3/3 levels left

rFire    . . .     SeeInvis .   a - +0 hand axe
rCold    . . .     Gourm    .   (no shield)
rNeg     . . .     Faith    .   b - +0 robe
rPois    .         Spirit   .   (helmet restricted)
rElec    .         Reflect  .   r - +0 cloak
rCorr    .         Harm     .   (no gloves)
MR       .....                  (no boots)
Stlth    ++........             (no amulet)
HPRegen  0.13/turn              (no ring)
MPRegen  0.08/turn              (no ring)

@: no status effects
A: retaliatory headbutt, horns 2
a: no special abilities


You were on level 3 of the Dungeon.
You were not hungry.

You visited 1 branch of the dungeon, and saw 3 of its levels.

You collected 89 gold pieces.

Inventory:

Hand Weapons
 a - a +0 hand axe (weapon)
Missiles
 f - 85 stones (quivered)
 j - 20 poisoned darts
 p - 3 boomerangs
Armour
 b - a +0 robe (worn)
 r - a +0 cloak (worn)
Scrolls
 d - 2 scrolls of teleportation {unknown}
 g - 3 scrolls of remove curse {unknown}
 i - 3 scrolls of identify {unknown}
 l - a scroll of amnesia {unknown}
 q - a scroll of fear {unknown}
Potions
 e - a potion of ambrosia {unknown}
 h - 4 potions of curing {unknown}
 m - a potion of might {unknown}
 n - a potion of degeneration {unknown}
 o - a potion of flight {unknown}
Comestibles
 c - 4 rations
 k - 4 chunks of flesh


   Skills:
 - Level 3.6 Fighting
 + Level 6.2 Axes
 - Level 3.2 Dodging
 - Level 1.5 Stealth


You had 3 spell levels left.
You didn't know any spells.
Your spell library contained the following spells:

 Spells                   Type           Power        Failure   Level  Hunger
 Beastly Appendage        Tmut           #.....       43%         1    ##.....
 Sticks to Snakes         Tmut           #.......     56%         2    ###....
 Spider Form              Tmut/Pois      #.........   80%         3    ####...
 Ice Form                 Ice/Tmut       #.......     99%         4    #####..
 Blade Hands              Tmut           #.........   100%        5    ######.


Dungeon Overview and Level Annotations

Branches:
Dungeon (3/15)

Altars:


Innate Abilities, Weirdness & Mutations

You reflexively headbutt those who attack you in melee.
You have a pair of horns on your head.


Message History

A hobgoblin comes into view. It is wielding a -1 club.
The orc barely misses you. You furiously retaliate!
You headbutt the orc. You hit the orc priest.
The orc priest is moderately wounded.
You hit the orc but do no damage. The orc priest closely misses you.
The orc hits you but does no damage.
You closely miss the orc priest. You headbutt the orc priest!
The orc priest is severely wounded.
You closely miss the orc.
The orc priest invokes the aid of Beogh against you.
Beogh smites you!
* * * LOW HITPOINT WARNING * * *
The orc closely misses you.
You barely miss the orc priest.
The orc priest is severely wounded.
You hit the orc.
The orc priest hits you with a +0 hand axe.
* * * LOW HITPOINT WARNING * * *
The orc hits you with a cursed -3 flail!
You die...

#. .# #. .# #. .#
#.###.# #.....# #####
###..## ##>..## #..#
##)....##
#..#####.......##.#.#
#...........?)@ogo..#
#.######......o##.###
#.# ##.....## #.#
##...## #.# ##### #.#
#.# #.#
#.############


You could see an orc priest, 2 orcs and a hobgoblin.

Vanquished Creatures
  3 adders (D:2)
  3 worms
  4 dart slugs
  A leopard gecko (D:3)
  2 orcs (D:3)
  3 goblins
  5 hobgoblins
  8 kobolds
  A quokka (D:2)
  6 bats
  2 frilled lizards (D:1)
  9 rats
47 creatures vanquished.

Notes
Turn   | Place    | Note
-------+----------+-------------------------------------------
     0 | D:1      | Delarado the Minotaur Monk began the quest for the Orb.
     0 | D:1      | Reached XP level 1. HP: 19/19 MP: 0/0
   151 | D:1      | Reached skill level 4 in Axes
   226 | D:1      | Reached XP level 2. HP: 26/26 MP: 1/1
   873 | D:2      | Reached skill level 5 in Axes
   873 | D:2      | Reached XP level 3. HP: 25/31 MP: 2/2
  1607 | D:3      | Reached skill level 6 in Axes
  1607 | D:3      | Reached XP level 4. HP: 37/39 MP: 3/3
  1976 | D:3      | Slain by an orc

Levels and vault maps discovered:
D:1:      sevenhm_arrival_forest_fort_small_4, layout_basic
D:2:      layout_basic
D:3:      layout_loops_ring

Skill      XL: |  1  2  3 |
---------------+----------+-----
Axes           | 4 5 6 |  6.2
Fighting       | |  3.6
Dodging        | |  3.2
Stealth        | |  1.5

Action                   |  1- 3 |  4- 6 || total
-------------------------+-------+-------++-------
Melee: Hand axe          |    66 |    26 ||    92
       Headbutt          |    12 |     4 ||    16
 Stab: Sleeping          |     2 |       ||     2
  Eat: Chunk             |     2 |     1 ||     3
Armor: Robe              |     8 |     1 ||     9
Dodge: Dodged            |    56 |    11 ||    67

Table legend:
 A = Non-vault XP
 B = Vault XP
 C = Vault XP percentage of total XP
 D = Non-vault monster count
 E = Vault monster count
 F = Vault count percentage of total count
                 A         B        C        D         E       F
            +---------+---------+-------+---------+---------+-------
      Total |     127 |       0 |   0.0 |      47 |       0 |   0.0
            +---------+---------+-------+---------+---------+-------
        D:1 |      20 |       0 |   0.0 |      14 |       0 |   0.0
        D:2 |      69 |       0 |   0.0 |      20 |       0 |   0.0
        D:3 |      38 |       0 |   0.0 |      13 |       0 |   0.0
            +---------+---------+-------+---------+---------+-------
